 Dungeon Crawl Stone Soup version 0.21.1-1-g345015f (webtiles) character file.

5359 w0lly the Blocker (level 10, -2/51 HPs)
             Began as a Vine Stalker Fighter on June 26, 2018.
             Was a Priest of the Shining One.
             Slain by an orc sorcerer
             ... wielding a +0 war axe
              (3 damage)
             ... in a bailey.
             The game lasted 00:27:27 (4579 turns).

w0lly the Blocker (Vine Stalker Fighter)            Turns: 4579, Time: 00:27:28

Health: -2/51      AC: 12    Str: 22    XL:     10   Next: 65%
Magic:  0/11       EV:  6    Int:  8    God:    the Shining One [***...]
Gold:   465        SH: 12    Dex: 19    Spells: 9/9 levels left

rFire    . . .     SeeInvis .   a - +1 long sword
rCold    . . .     Gourm    .   c - +0 shield
rNeg     + . .     Faith    .   b - +0 plate armour
rPois    .         Spirit   +   v - +2 helmet
rElec    .         Reflect  .   E - +0 cloak
rCorr    .         Harm     .   t - +0 pair of gloves
MR       ++...                  C - +2 pair of boots {Stlth+}
Stlth    ..........             n - amulet of regeneration
HPRegen  0.97/turn              i - +5 ring of dexterity
MPRegen  0.12/turn              m - ring of protection from magic

@: corroded, glowing
A: fangs 3, regeneration 1, magic shield, antimagic bite, no potion heal 3, rot
immunity
a: Divine Shield, Renounce Religion


You were in a bailey.
You worshipped the Shining One.
The Shining One was most pleased with you.
You were hungry.

You visited 1 branch of the dungeon, and saw 8 of its levels.
You also visited: Bailey.

You collected 465 gold pieces.

Inventory:

Hand Weapons
 a - a +1 long sword (weapon)
 x - a +1 short sword of freezing
Missiles
 q - 178 stones (quivered)
 r - 109 sling bullets
 u - 2 tomahawks
 y - 135 arrows
Armour
 b - a +0 plate armour (worn)
 c - a +0 shield (worn)
 t - a +0 pair of gloves (worn)
 v - a +2 helmet (worn)
 C - a +2 pair of boots of stealth (worn)
 E - a +0 cloak (worn)
Jewellery
 i - a +5 ring of dexterity (left hand)
 j - a cursed ring of teleportation {unknown}
 k - an uncursed ring of flight
 m - a ring of protection from magic (right hand)
 n - an amulet of regeneration (around neck)
 H - an uncursed amulet of rage
 I - an uncursed amulet of guardian spirit {unknown}
Wands
 z - a wand of digging (12)
 A - a wand of flame (19)
 F - a wand of iceblast (18)
Scrolls
 g - 6 scrolls of enchant weapon
 l - 3 scrolls of identify
 o - 5 scrolls of remove curse
 w - 3 scrolls of blinking
 B - a scroll of magic mapping
 G - a scroll of immolation
 J - a scroll of teleportation
Potions
 d - 4 potions of might
 e - 3 potions of lignification {unknown}
 h - 2 potions of mutation {unknown}
 p - a potion of invisibility {unknown}
 s - 2 potions of heal wounds {unknown}
 D - a potion of flight {unknown}
Comestibles
 f - 17 rations
 K - 9 chunks of flesh


   Skills:
 + Level 5.2 Fighting
 + Level 9.0 Long Blades
 + Level 4.7 Armour
 + Level 1.3 Dodging
 * Level 9.5 Shields


You had 9 spell levels left.
You didn't know any spells.

Dungeon Overview and Level Annotations

Branches:
Dungeon (8/15)             Temple (0/1) D:6
   Lair: D:8-11

Altars:
Hepliaklqana
Kikubaaqudgha
Xom
The Shining One


Innate Abilities, Weirdness & Mutations

You have razor-sharp teeth.
Your natural rate of healing is unusually fast.
When hurt, damage is shared between your health and your magic reserves.
Your bite disrupts and absorbs the magic of your enemies.
Potions cannot restore your health.
You are immune to rotting.


Message History

You hit the orc sorcerer but do no damage.
Your bite misses the orc sorcerer.
The orc sorcerer is severely wounded.
The rust devil barely misses you. You block the orc sorcerer's attack.
You hit the orc sorcerer but do no damage.
The orc sorcerer is severely wounded.
The rust devil hits you. The rust devil corrodes you!
The orc warrior hits you with a hand axe!
* * * LOW HITPOINT WARNING * * *
You block the orc sorcerer's attack.
Unknown command.
You hit the orc sorcerer but do no damage.
You bite the orc sorcerer, but do no damage.
The orc sorcerer is severely wounded.
The orc sorcerer hits you but does no damage.
You block the rust devil's attack.
The orc warrior hits you with a hand axe!
* * * LOW HITPOINT WARNING * * *
The orc sorcerer hits you with a war axe.
You die...

#.......# #...∩...#
#.......# #.......#
#########.......#########
≈≈≈≈≈≈≈≈.........≈≈≈≈≈≈≈≈
≈≈≈≈≈≈≈≈≈≈≈...≈≈≈≈≈≈≈≈≈≈≈
≈≈≈≈≈≈≈≈≈≈≈...≈≈≈≈≈≈≈≈≈≈≈
≈≈≈≈≈≈≈≈≈≈≈o@.≈≈≈≈≈≈≈≈≈≈≈
≈≈≈≈≈≈≈≈≈≈≈oo44≈≈≈≈≈≈≈≈≈≈
##≈≈≈≈.g.o≈≈≈####
#.....g.....#
#####)''##### +.))).'..#
+.....'o.# #..⌠..#..####
#.....#4gg..#


You could see a hellwing, a rust devil, 2 orc sorcerers, an orc warrior, an orc
and 2 goblins.

Vanquished Creatures
  Pikel (D:5)
  A hornet (D:7)
  Prince Ribbit (D:7)
  Grinder (D:6)
  A yak (D:7)
  3 hogs (D:7)
  A human (D:7)
  Menkaure (D:5)
  Duvessa (D:5)
  A water moccasin (D:6)
  3 orc warriors
  2 black bears (D:7)
  2 phantoms
  2 ice beasts
  4 ogres
  4 centaurs
  4 bullfrogs
  Dowan (D:5)
  A scorpion (D:4)
  5 killer bees (D:7)
  An electric eel (Bailey)
  A howler monkey (D:4)
  5 crimson imps
  A centaur zombie (D:7)
  2 bullfrog skeletons (D:7)
  2 jellies
  7 hounds
  6 orc priests
  Crazy Yiuf (D:7)
  An orc wizard (D:4)
  An iguana (D:4)
  5 worker ants
  A hound zombie (D:8)
  A hound skeleton (D:5)
  A worker ant zombie (D:6)
  6 adders
  A shadow imp (D:5)
  An ooze (D:1)
  An adder zombie (D:5)
  3 adder skeletons
  2 worms
  3 leopard geckos
  20 orcs
  10 bats
  3 giant cockroaches
  8 goblins
  8 hobgoblins
  17 jackals
  5 kobolds
  6 quokkas
  A ball python (D:3)
  4 frilled lizards
  A jackal skeleton (D:7)
  3 rats
179 creatures vanquished.

Vanquished Creatures (others)
  A centaur (D:5)
  A giant cockroach (D:5)
2 creatures vanquished.

Grand Total: 181 creatures vanquished

Notes
Turn   | Place    | Note
-------+----------+-------------------------------------------
     0 | D:1      | w0lly the Vine Stalker Fighter began the quest for the Orb.
     0 | D:1      | Reached XP level 1. HP: 11/11 MP: 2/2
   310 | D:1      | Reached XP level 2. HP: 16/16 MP: 3/3
   512 | D:1      | Reached XP level 3. HP: 19/19 MP: 4/4
  1018 | D:2      | Gained mutation: Your natural rate of healing is unusually fast. [Vine Stalker growth]
  1018 | D:2      | Reached XP level 4. HP: 18/24 MP: 2/5
  1029 | D:2      | Reached XP level 5. HP: 16/28 MP: 3/6
  1324 | D:2      | Found a glowing golden altar of the Shining One.
  1332 | D:2      | Became a worshipper of the Shining One
  1410 | D:3      | Noticed an ice beast
  1418 | D:3      | Killed an ice beast
  1425 | D:3      | Reached XP level 6. HP: 31/32 MP: 5/7
  1439 | D:3      | Found an ancient bone altar of Kikubaaqudgha.
  2044 | D:4      | Reached XP level 7. HP: 26/36 MP: 5/8
  2084 | D:4      | Reached skill level 5 in Shields
  2113 | D:4      | Reached skill level 1 in Dodging
  2238 | D:4      | Reached * piety under the Shining One
  2238 | D:4      | Reached skill level 5 in Long Blades
  2330 | D:5      | Entered Level 5 of the Dungeon
  2383 | D:5      | Noticed Dowan
  2384 | D:5      | Noticed Duvessa
  2409 | D:5      | Killed Duvessa
  2409 | D:5      | Gained mutation: You have razor-sharp teeth. [Vine Stalker growth]
  2409 | D:5      | Reached XP level 8. HP: 34/40 MP: 9/9
  2414 | D:5      | Killed Dowan
  2505 | D:5      | Noticed Pikel
  2526 | D:5      | Killed Pikel
  2557 | D:5      | Reached XP level 9. HP: 45/45 MP: 10/10
  2575 | D:5      | Noticed Menkaure
  2584 | D:5      | Killed Menkaure
  2965 | D:6      | Noticed Grinder
  2977 | D:6      | Killed Grinder
  3001 | D:6      | Reached ** piety under the Shining One
  3208 | D:6      | Found a staircase to the Ecumenical Temple.
  3695 | D:7      | Found a hazy altar of Hepliaklqana.
  3751 | D:7      | Noticed Prince Ribbit
  3751 | D:7      | Noticed a hornet
  3765 | D:7      | Killed Prince Ribbit
  3765 | D:7      | Reached XP level 10. HP: 28/51 MP: 5/11
  3838 | D:7      | Found a runed door.
  3842 | D:7      | Noticed Crazy Yiuf
  3846 | D:7      | Killed Crazy Yiuf
  3886 | D:7      | Reached skill level 5 in Fighting
  4106 | D:7      | Found a shimmering altar of Xom.
  4335 | D:8      | Reached *** piety under the Shining One
  4449 | D:8      | Found a flagged portal.
  4476 | Bailey   | Entered a bailey
  4548 | Bailey   | Found an iron altar of Okawaru.
  4548 | Bailey   | Noticed an orc sorcerer
  4548 | Bailey   | Noticed an orc sorcerer
  4549 | Bailey   | Noticed a sixfirhy
  4559 | Bailey   | Noticed a rust devil
  4579 | Bailey   | HP: 1/51 [orc warrior/hand axe (13)]
  4579 | Bailey   | Slain by an orc sorcerer

Skill      XL: |  1  2  3  4  5  6  7  8  9 10 |
---------------+-------------------------------+-----
Long Blades    | 2 3 4 5 6 8 9 |  9.0
Shields        | 3 4 5 6 8 9 |  9.5
Fighting       | 3 4 5 |  5.2
Armour         | 3 4 |  4.7
Dodging        | 1 |  1.3

Action                   |  1- 3 |  4- 6 |  7- 9 | 10-12 || total
-------------------------+-------+-------+-------+-------++-------
Melee: Long sword        |    65 |   102 |   254 |   154 ||   575
       Bite              |    13 |    43 |   117 |    70 ||   243
  Use: Scroll            |     2 |     6 |     8 |       ||    16
  Eat: Chunk             |       |     4 |     6 |     2 ||    12
Armor: Scale mail        |    30 |       |       |       ||    30
       Chain mail        |     6 |    42 |       |       ||    48
       Plate armour      |       |    11 |   157 |   119 ||   287
Dodge: Dodged            |    17 |    22 |    57 |    49 ||   145
Block: Shield            |    44 |    66 |   176 |   155 ||   441
       Rpst.: Long sword |     5 |     9 |    12 |    11 ||    37
